 Dungeon Crawl Stone Soup version 0.30-a0-629-gd54f4be4f7 (webtiles) character file.

Game seed: 18245471286348702084

82107 Dittersdorf the Warrior (level 15, -9/94 HPs)
             Began as a Gargoyle Fighter on Jan 12, 2023.
             Was a High Priest of Okawaru.
             Mangled by a juggernaut skeleton (18 damage)
             ... led by a necromancer
             ... on level 4 of the Abyss.
             The game lasted 00:42:58 (23028 turns).

Dittersdorf the Warrior (Gargoyle Fighter)         Turns: 23028, Time: 00:42:59

Health: -9/94      AC: 32    Str: 35      XL:     15   Next: 72%
Magic:  0/13       EV:  9    Int:  5 (10) God:    Okawaru [*****.]
Gold:   2277       SH: 10    Dex: 15      Spells: 14/14 levels left

rFire   . . .      SeeInvis .    A - +5 morningstar (freeze)
rCold   + + .      Faith    .    w - +2 buckler {rC+}
rNeg    + . .      Spirit   +    u - +3 chain mail {rC+}
rPois   ∞          Reflect  .    g - +0 helmet
rElec   +          Harm     .    G - +2 cloak of the Eight Beds {Str+3}
rCorr   .          Rampage  .    (no gloves)
Will    +....                    (no boots) Stlth
                                 c - amulet of guardian spirit
HPRegen 0.35/turn                l - +6 ring of dexterity
MPRegen 0.13/turn                C - +6 ring of strength

@: flying
A: sickness immunity, AC +11, big wings, negative energy resistance 1,
electricity resistance, torment resistance 1, petrification resistance, frail 1,
low MP 1
a: Renounce Religion, Heroism, Finesse, Duel


You were on level 4 of the Abyss.
You worshipped Okawaru.
Okawaru was extremely pleased with you.
You visited 4 branches of the dungeon, and saw 19 of its levels.
You visited the Abyss 1 time.
You also visited: Sewer and Ice Cave.

You collected 2487 gold pieces.
You spent 210 gold pieces at shops.

Inventory:

Hand Weapons
 A - a +5 morningstar of freezing (weapon)
Missiles
 o - 6 throwing nets
 L - 3 curare-tipped darts (quivered)
Armour
 g - a +0 helmet (worn)
 u - a +3 chain mail of cold resistance (worn)
 w - a +2 buckler of cold resistance (worn)
 G - the +2 cloak of the Eight Beds (worn) {Str+3}
   (You bought it in a shop on level 2 of the Dungeon)

   Str:       It affects your strength (+3).
Jewellery
 c - an amulet of guardian spirit (around neck)
 k - a ring of protection from fire
 l - a +6 ring of dexterity (left hand)
 t - an amulet of magic regeneration
 C - a +6 ring of strength (right hand)
 F - a ring of fire
Wands
 b - a wand of digging (7)
 p - a wand of flame (47)
 D - a wand of light (11)
 K - a wand of iceblast (5)
Scrolls
 a - 6 scrolls of fog
 f - 4 scrolls of enchant weapon
 q - 8 scrolls of blinking
 r - 4 scrolls of identify
 s - 3 scrolls of poison
 y - 4 scrolls of teleportation
 z - 3 scrolls of enchant armour
 E - a scroll of magic mapping
 H - a scroll of brand weapon
Potions
 d - 4 potions of might
 e - 6 potions of mutation
 h - a potion of curing
 j - 5 potions of heal wounds
 m - 2 potions of berserk rage
 n - 5 potions of brilliance
 v - a potion of magic
 x - 6 potions of haste
 B - 7 potions of ambrosia
 I - a potion of cancellation


   Skills:
 + Level 16.3 Fighting
 + Level 13.3 Maces & Flails
 + Level 14.7 Armour
 + Level 14.7 Shields


You had 14 spell levels left.
You didn't know any spells.
Your spell library contained the following spells:

 Spells                   Type           Power      Damage    Failure   Level
 Magic Dart               Conj           0%         1d3       86%         1
 Sandblast                Erth           0%         2d4       86%         1
 Blink                    Tloc           0%         N/A       95%         2
 Ensorcelled Hibernation  Hex/Ice        0%         N/A       95%         2
 Momentum Strike          Conj/Tloc      0%         3d8       95%         2
 Passwall                 Tmut/Erth      0%         N/A       95%         2
 Searing Ray              Conj           0%         2d4       95%         2
 Dazzling Flash           Conj/Hex       0%         N/A       99%         3
 Gell's Gravitas          Tloc           0%         N/A       99%         3
 Lesser Beckoning         Tloc           0%         N/A       99%         3
 Ozocubu's Armour         Ice            0%         N/A       99%         3
 Spider Form              Tmut/Pois      0%         N/A       99%         3
 Stone Arrow              Conj/Erth      0%         3d7       99%         3
 Teleport Other           Tloc           0%         N/A       99%         3
 Anguish                  Hex/Necr       0%         N/A       100%        4
 Cause Fear               Hex            0%         N/A       100%        4
 Fulminant Prism          Conj/Hex       0%         3d5       100%        4
 Iskenderun's Mystic Bla  Conj/Tloc      0%         2d3       100%        4
 Petrify                  Tmut/Erth      0%         N/A       100%        4
 Agony                    Necr           0%         N/A       100%        5
 Irradiate                Conj/Tmut      0%         3d11      100%        5
 Metabolic Englaciation   Hex/Ice        0%         N/A       100%        5
 Silence                  Hex/Air        0%         N/A       100%        5
 Dispersal                Tloc           0%         N/A       100%        6
 Starburst                Conj/Fire      0%         6d3       100%        6
 Dragon Form              Tmut           0%         N/A       100%        7
 Enfeeble                 Hex            0%         N/A       100%        7
 Ozocubu's Refrigeration  Ice            0%         4d7       100%        7
 Sublimation of Blood     Necr           Unusable   N/A       N/A         2
 Statue Form              Tmut/Erth      Unusable   N/A       N/A         6
 Dragon's Call            Summ           Unusable   N/A       N/A         9

Dungeon Overview and Level Annotations

Branches:
Dungeon (12/15)            Temple (1/1) D:4            Lair (5/5) D:9
  Swamp (0/4) Lair:2        Snake (0/4) Lair:2        Slime (0/5) Lair:4
    Orc (1/2) D:12          Sewer (visited)           IceCv (visited)

Altars:
Ashenzari
Cheibriados
Dithmenos
Elyvilon
Fedhas
Gozag
Hepliaklqana
Kikubaaqudgha
Makhleb
Nemelex Xobeh
Okawaru
Qazlal
Ru
Sif Muna
Trog
Uskayaw
Vehumet
Wu Jian
Xom
Yredelemnul
Zin
The Shining One

Shops:
D:1 (   D:2 *   D:7 [   D:9 [

Annotations:
Orc:1 Sonja


Innate Abilities, Weirdness & Mutations

You are immune to sickness and miasma.
Your stone body is resilient. (AC +11)
You are immune to poison.
Your large and strong wings let you fly.
You resist negative energy. (rN+)
You are resistant to electric shocks. (rElec)
You are resistant to unholy torment.
You are immune to petrification.
You are frail. (-10% HP)
Your magical capacity is low. (-10% MP)


Message History

The profane servitor hits you with a +1 whip.
A deafening chorus of shrieks assaults your mind!
A small abomination comes into view.
The profane servitor hits you but does no damage. x2
You can move again.
You closely miss the profane servitor.
The profane servitor is almost destroyed.
You completely miss the profane servitor.
The profane servitor is almost destroyed.
You feel like a meek peon again.
A starcursed mass splits.
You thump the profane servitor! You freeze the profane servitor.
The profane servitor is almost destroyed.
The profane servitor hits you with a +1 whip.
The profane servitor hits you but does no damage.
You block the starcursed mass's attack.
You barely miss the profane servitor.
The profane servitor is almost destroyed.
The profane servitor hits you but does no damage. x2
A deafening chorus of shrieks assaults your mind!
You closely miss the profane servitor.
The profane servitor is almost destroyed.
A juggernaut skeleton comes into view.
You block the starcursed mass's attack.
A deafening chorus of shrieks assaults your mind!
* * * LOW HITPOINT WARNING * * *
You suddenly lose the ability to move!
The profane servitor hits you but does no damage. x2
Your hands slow down.
The profane servitor hits you but does no damage. x2
The starcursed mass touches you but does no damage.
A starcursed mass splits.
A deafening chorus of shrieks assaults your mind!
* * * LOW HITPOINT WARNING * * *
You shrug off the repeated paralysis!
You can move again.
Found a gateway leading deeper into the Abyss.
A shard shrike zombie comes into view.
The juggernaut skeleton hits you!!
You die...

#.. ## .# #. #
... # ## # #..
# ##..#
#.#.#..# .
#.#.. ## .. ##
. ....2 #
#.#...# #>x###
.. # .#
#..AX#.#.#.##.
#ZZ#.XXX##
##...#
#@##.XXX...#
#.#
#.....#..#. #
.######.## #
.# .# #. .# #.
#> .. .


You could see 4 starcursed masses, a shadow demon, a small abomination, a shard
shrike zombie (wandering) and a juggernaut skeleton.

Vanquished Creatures
  A walking frostbound tome (Abyss:4)
  A frost giant (IceCv)
  A juggernaut skeleton (Abyss:3)
  The ghost of acebull12 the Arsonist, a journeyman HuCA of Ignis (D:11)
  A hydra (Lair:5)
  A catoblepas (Lair:4)
  2 boulder beetles (D:11)
  10 death yaks
  2 two-headed ogres
  2 thrashing horrors
  2 large abominations (Abyss:4)
  Nergalle (Orc:1)
  Pikel (D:3)
  An ugly thing (D:11)
  A cyclops (D:12)
  2 manticores (D:11)
  A worldbinder (Abyss:4)
  3 elephants (Lair:4)
  6 black mambas
  An ice statue (IceCv)
  A torpor snail (Lair:2)
  5 gargoyles (D:7)
  2 smoke demons (Abyss:4)
  A demonic crawler (Abyss:4)
  10 cane toads
  A freezing wraith (D:11)
  5 rime drakes
  9 komodo dragons
  3 unseen horrors
  14 polar bears
  A queen bee (D:9)
  2 ancient zymes (Abyss:4)
  11 blink frogs
  2 hellwings (Abyss:4)
  4 raiju (Abyss:4)
  Grinder (D:4)
  4 hornets (Lair:5)
  Prince Ribbit (D:5)
  2 dream sheep (Lair:5)
  12 spriggans
  5 wyverns
  2 wraiths
  A ynoxinul (Abyss:4)
  6 basilisks
  A chaos spawn (Abyss:3)
  57 yaks
  4 vampire mosquitoes (D:10)
  3 steam dragons
  A warg (D:12)
  2 acid dragons
  Duvessa (D:6)
  17 water moccasins
  A small abomination (Abyss:3)
  5 black bears
  A sky beast (D:7)
  6 orc warriors
  3 ice beasts
  4 centaurs
  46 wolves
  4 boggarts (Lair:5)
  4 ogres
  3 kobold brigands
  13 bullfrogs
  A gnoll sergeant (D:9)
  An earth elemental (Abyss:4)
  5 scorpions
  A necrophage (D:5)
  Dowan (D:6)
  7 wights (D:8)
  35 killer bees
  7 howler monkeys
  8 jellies
  A crimson imp (D:3)
  5 hounds
  5 orc priests
  A gnoll bouda (D:8)
  An iron imp (Abyss:4)
  7 iguanas
  A hell rat (Sewer)
  6 orc wizards
  Robin (D:4)
  12 gnolls
  4 adders
  3 river rats (Sewer)
  A shadow imp (D:5)
  3 white imps
  3 ufetubi
  4 worms
  3 dart slugs
  37 orcs
  15 endoplasms
  2 giant cockroaches
  17 goblins
  4 hobgoblins
  3 jackals (D:1)
  30 kobolds
  5 quokkas
  6 ball pythons
  6 bats
  4 frilled lizards
  11 rats
589 creatures vanquished.

Vanquished Creatures (others)
  A polar bear (IceCv)
  A yak (IceCv)
  An orc wizard (D:9)
  An orc (D:9)
  15 fungi
  A lurking horror (Abyss:4)
  27 plants
  2 starspawn tentacles (Abyss:4)
  9 toadstools (D:2)
58 creatures vanquished.

Grand Total: 647 creatures vanquished

Notes
Turn   | Place    | Note
-------+----------+-------------------------------------------
     0 | D:1      | Dittersdorf the Gargoyle Fighter began the quest for the
                  | Orb.
     0 | D:1      | Reached XP level 1. HP: 14/14 MP: 1/1
   359 | D:1      | Reached XP level 2. HP: 19/19 MP: 2/2
   365 | D:1      | Found Mutsor's Antique Weapon Shoppe.
  1143 | D:2      | Reached XP level 3. HP: 13/23 MP: 3/3
  1462 | D:2      | HP: 1/24 [acid (3)]
  1464 | D:2      | Reached skill level 4 in Fighting
  1464 | D:2      | Reached XP level 4. HP: 2/29 MP: 4/4
  1642 | D:2      | Reached XP level 5. HP: 17/33 MP: 5/5
  1878 | D:2      | Found Kidext's Assorted Antiques.
  2237 | D:3      | Found a faded altar of an unknown god.
  2667 | D:3      | Noticed a centaur
  2677 | D:3      | Killed a centaur
  2678 | D:3      | Reached XP level 6. HP: 30/39 MP: 6/6
  2923 | D:3      | Found a shimmering altar of Xom.
  2926 | D:3      | Found a burning altar of Makhleb.
  2945 | D:3      | Found a large runed translucent door.
  2945 | D:3      | Found a large runed translucent door.
  3456 | D:3      | Found a bloodstained altar of Trog.
  3459 | D:3      | Found a hide-covered altar of Uskayaw.
  3505 | D:4      | Noticed Grinder
  3509 | D:4      | Paralysed by Grinder for 5 turns
  3520 | D:4      | Paralysed by Grinder for 3 turns
  3535 | D:4      | Killed Grinder
  3536 | D:4      | Reached skill level 5 in Fighting
  3536 | D:4      | Reached skill level 5 in Armour
  3536 | D:4      | Reached skill level 5 in Shields
  3536 | D:4      | Reached XP level 7. HP: 6/44 MP: 7/7
  3943 | D:4      | Noticed Robin
  4118 | D:4      | Killed Robin
  4260 | D:4      | Found a staircase to the Ecumenical Temple.
  4266 | Temple   | Entered the Ecumenical Temple
  4566 | Temple   | Became a worshipper of Warmaster Okawaru
  4709 | D:4      | Noticed Pikel
  4947 | D:3      | Killed Pikel
  4947 | D:3      | Reached * piety under Okawaru
  4948 | D:3      | Reached skill level 6 in Fighting
  4948 | D:3      | Reached skill level 5 in Maces & Flails
  4948 | D:3      | Reached XP level 8. HP: 37/51 MP: 8/8
  5347 | D:5      | Entered Level 5 of the Dungeon
  5518 | D:5      | Noticed Prince Ribbit
  5721 | D:5      | Killed Prince Ribbit
  5722 | D:5      | Reached XP level 9. HP: 56/56 MP: 6/9
  5863 | D:5      | Reached skill level 7 in Fighting
  6102 | D:5      | Found a shimmering blue altar of Sif Muna.
  6318 | D:6      | Found the +9 sword of Power
  6404 | D:6      | Reached ** piety under Okawaru
  6665 | D:6      | Found a glowing drain.
  6669 | Sewer    | Entered a sewer
  7051 | D:6      | Noticed Dowan
  7052 | D:6      | Noticed Duvessa
  7057 | D:6      | Killed Duvessa
  7061 | D:6      | Killed Dowan
  7642 | D:7      | Reached skill level 8 in Fighting
  7922 | D:7      | Found Cecricw's Antique Armour Boutique.
  7933 | D:7      | Reached *** piety under Okawaru
  7985 | D:7      | Reached XP level 10. HP: 24/64 MP: 10/10
  8161 | D:7      | Noticed a gargoyle
  8171 | D:7      | Killed a gargoyle
  8270 | D:7      | Noticed a gargoyle
  8279 | D:7      | Killed a gargoyle
  8309 | D:7      | Noticed a gargoyle
  8317 | D:7      | Killed a gargoyle
  8326 | D:7      | Noticed a gargoyle
  8328 | D:7      | Killed a gargoyle
  8334 | D:7      | Noticed a gargoyle
  8346 | D:7      | Killed a gargoyle
  8889 | D:7      | Reached skill level 9 in Fighting
  9062 | D:8      | Reached **** piety under Okawaru
  9648 | D:8      | Reached XP level 11. HP: 70/71 MP: 11/11
  9724 | D:8      | Identified the +4 hand axe "Katujox" {heavy, Fly}
 10061 | D:9      | Noticed a two-headed ogre
 10096 | D:8      | Killed a two-headed ogre
 10096 | D:8      | Reached ***** piety under Okawaru
 10097 | D:8      | Reached skill level 10 in Fighting
 10097 | D:8      | Reached skill level 10 in Armour
 10097 | D:8      | Reached skill level 10 in Shields
 10251 | D:9      | Found a staircase to the Lair.
 10441 | D:9      | Found Jecakaika's Antique Armour Shoppe.
 11271 | D:10     | Entered Level 10 of the Dungeon
 11497 | D:10     | Noticed a two-headed ogre
 11506 | D:10     | Killed a two-headed ogre
 11506 | D:10     | Reached ****** piety under Okawaru
 11507 | D:10     | Reached XP level 12. HP: 34/79 MP: 12/12
 11815 | D:10     | Identified the +0 robe of the Enchanted Forest {Slay+2}
                  | (Okawaru gifted it to you on level 10 of the Dungeon)
 11815 | D:10     | Received a gift from Okawaru
 11816 | D:10     | Reached skill level 11 in Fighting
 12229 | Lair:1   | Entered Level 1 of the Lair of Beasts
 12351 | Lair:1   | Found a frozen archway.
 12360 | IceCv    | Entered an ice cave
 12381 | IceCv    | Reached skill level 10 in Maces & Flails
 12720 | IceCv    | Noticed a death yak
 12721 | IceCv    | Noticed a death yak
 12728 | IceCv    | Noticed a death yak
 12730 | IceCv    | Killed a death yak
 12737 | IceCv    | Killed a death yak
 12766 | IceCv    | Killed a death yak
 12990 | IceCv    | Identified the +0 robe of Nezxa {rF+}
 14095 | IceCv    | Identified the +2 demon whip of Bankruptcy {pain, Dex+2}
                  | (Okawaru gifted it to you in an ice cave)
 14095 | IceCv    | Received a gift from Okawaru
 14160 | IceCv    | Noticed a death yak
 14160 | IceCv    | Noticed a death yak
 14160 | IceCv    | Noticed a death yak
 14180 | IceCv    | Killed a death yak
 14181 | IceCv    | Reached skill level 12 in Fighting
 14195 | IceCv    | Killed a death yak
 14201 | IceCv    | Killed a death yak
 14208 | IceCv    | Reached XP level 13. HP: 75/86 MP: 11/13
 14210 | IceCv    | Noticed a frost giant
 14223 | IceCv    | Killed a frost giant
 14884 | D:2      | Bought a scroll labelled GEULOFEPLU for 20 gold pieces
 14884 | D:2      | Bought a faintly glowing cloak for 190 gold pieces
 14884 | D:2      | Identified the +2 cloak of the Eight Beds {Str+3} (You
                  | bought it in a shop on level 2 of the Dungeon)
 14885 | D:2      | Reached skill level 14 in Fighting
 14885 | D:2      | Gained mutation: Your large and strong wings let you fly.
                  | [Gargoyle growth]
 14885 | D:2      | Reached XP level 14. HP: 96/96 MP: 14/14
 15834 | Lair:2   | Found a staircase to the Swamp.
 16173 | Lair:2   | Found a staircase to the Snake Pit.
 16414 | Lair:2   | You are sucked into a shaft and drop 1 floor!
 16531 | Lair:2   | Identified the +4 ring mail of Weurom {rElec rF+ Will-}
                  | (Okawaru gifted it to you on level 2 of the Lair of Beasts)
 16531 | Lair:2   | Received a gift from Okawaru
 17122 | Lair:3   | Reached skill level 15 in Fighting
 17383 | Lair:4   | Identified the +2 falchion of Prescription {heavy, rElec
                  | Will- MP+9}
 17428 | Lair:4   | Identified a scroll of acquirement
 17429 | Lair:4   | Acquired 725 gold pieces
 17627 | Lair:4   | Found a staircase to the Slime Pits.
 18484 | Lair:5   | Entered Level 5 of the Lair of Beasts
 18948 | Lair:5   | Identified the +2 leather armour of the Arcane {Regen+
                  | Str-5 Dex+5}
 18982 | Lair:5   | Reached XP level 15. HP: 43/103 MP: 5/15
 19872 | Lair:5   | Identified the +7 bardiche of Julearghuud {drain, Will-
                  | Str+9 Int+2 Dex+4} (Okawaru gifted it to you on level 5 of
                  | the Lair of Beasts)
 19872 | Lair:5   | Received a gift from Okawaru
 20845 | D:11     | Found a stormy altar of Qazlal.
 20921 | D:11     | You are sucked into a shaft and drop 1 floor!
 20922 | D:12     | yay!
 21167 | D:11     | Reached skill level 16 in Fighting
 21423 | D:11     | Found a runed translucent gate.
 21423 | D:11     | Found a runed translucent gate.
 21424 | D:11     | Found a runed translucent gate.
 21424 | D:11     | Noticed acebull12's ghost (journeyman HuCA)
 21801 | D:11     | Killed acebull12's ghost
 21801 | D:11     | Received a gift from Okawaru
 21903 | D:12     | Found a staircase to the Orcish Mines.
 22319 | Orc:1    | Entered Level 1 of the Orcish Mines
 22334 | Orc:1    | Noticed Sonja
 22375 | Orc:1    | Noticed Nergalle
 22380 | Orc:1    | Killed Nergalle
 22383 | Abyss:2  | Cast into level 2 of the Abyss (Sonja)
 22393 | Abyss:3  | Found a corrupted altar of Lugonu.
 22393 | Abyss:3  | Found a corrupted altar of Lugonu.
 22619 | Abyss:4  | Noticed a bone dragon
 22695 | Abyss:4  | Found a corrupted altar of Lugonu.
 22754 | Abyss:4  | Noticed a walking frostbound tome
 22779 | Abyss:4  | Killed a walking frostbound tome
 22884 | Abyss:4  | Found a corrupted altar of Lugonu.
 22890 | Abyss:4  | Noticed a tentacled starspawn
 22894 | Abyss:4  | Gained mutation: You are frail. (-10% HP) [a neqoxec]
 22895 | Abyss:4  | Gained mutation: Your magical capacity is low. (-10% MP) [a
                  | neqoxec]
 23001 | Abyss:4  | Noticed a profane servitor
 23020 | Abyss:4  | Paralysed by accursed screaming for 1 turns
 23026 | Abyss:4  | Paralysed by accursed screaming for 1 turns
 23028 | Abyss:4  | Mangled by a juggernaut skeleton

Illustrated notes

#####
##.#.##
##.....##
#..).@..#
##....###
###...
....#
#.....
.......
<.#####.
... ..


Turn 20922 on D:12: yay!

Levels and vault maps discovered:
D:1:      moated_graveyard_arrival, layout_loops_corners, serial_shops, shop,
          serial_bayou_ford_a
D:2:      cheibrodos_fertilizer, layout_loops_ring, serial_shops,
          nicolae_lakefront_shop
D:3:      layout_rooms, jmf_multi_god_temple2,
          grunt_temple_overflow_champion_of_chaos,
          chequers_ecumenical_altar_simple_redux
D:4:      layout_gridville, minmay_temple_entry_butterflies, uniq_robin,
          uniq_pikel, uniq_grinder
D:5:      layout_basic, marbit_many_paths, chequers_serial_rivers_small_a,
          minmay_misc_feat_alley, uniq_prince_ribbit1
D:6:      layout_loops_cross, gup_sewer_entry_bowl, uniq_duvessa
D:7:      cheibrodos_statue_roulette, layout_basic,
          corexii_item_surrounded_by_moat, roderic_roman_lattice,
          nicolae_stop_n_shop_2
D:8:      layout_loops_ring
D:9:      layout_basic, minmay_lair_entry_grove, serial_ice, serial_ice_g,
          serial_ice_i, serial_ice_d, serial_ice_n, serial_ice_e, serial_ice_a,
          serial_shops, shop, minivault_7
D:10:     layout_loops_ring
D:11:     layout_irregular_city, gammafunk_ghost_spectres,
          grunt_qazlal_sundering
D:12:     layout_cave_pools, david_orc_3
Temple:   minmay_temple_bridge_d
Lair:1:   layout_long_grid, portal_ice_cave_entry_pillars_2, lemuel_fruit_tree
Lair:2:   layout_hall_layers, swamp_mist, minmay_snake_entry_six_corridors
Lair:3:   layout_big_grid
Lair:4:   layout_small_grid, nicolae_slime_entry_slimehenge, grunt_megastairs_4
Lair:5:   minmay_lair_end_enchanted_forest, layout_concentric_octagons,
          lemuel_fruit_fields, lemuel_fruit_fields
Orc:1:    layout_diamond_mine, uniq_sonja, uniq_nergalle, uniq_maurice
Abyss:4:  base: Gauntlet, base: D:11, spicy_abyss_unhelpful_harpoons,
          spicy_abyss_helpful_harpoons, spicy_pingpong_abyss_rune

Skill      XL: |  1  2  3  4  5  6  7  8  9 10 11 12 13 14 15 |
---------------+----------------------------------------------+-----
Fighting       | 4 5 6 8 9 10 12 14 15 16 | 16.3
Shields        | 4 5 6 8 9 11 12 13 14 | 14.7
Armour         | 4 5 6 8 9 11 12 13 14 | 14.7
Maces & Flails | 3 4 5 7 8 9 11 12 13 | 13.3

Action                   |  1- 3 |  4- 6 |  7- 9 | 10-12 | 13-15 || total
-------------------------+-------+-------+-------+-------+-------++-------
Melee: Flail             |   113 |   165 |   462 |    94 |       ||   834
       Whip              |       |    12 |     3 |       |       ||    15
       Unarmed           |       |       |     6 |       |       ||     6
       Morningstar       |       |       |       |   614 |   936 ||  1550
Throw: Dart              |       |    12 |    24 |     4 |       ||    40
Invok: Heroism           |       |       |     2 |     9 |    13 ||    24
       Finesse           |       |       |       |       |     1 ||     1
  Use: Scroll            |       |       |    15 |     5 |    13 ||    33
       Potion            |       |       |       |       |    11 ||    11
 Stab: Confused          |       |       |     2 |       |       ||     2
Armor: Scale mail        |    74 |    90 |       |       |       ||   164
       Chain mail        |       |    17 |   417 |   467 |   644 ||  1545
Dodge: Dodged            |    66 |    74 |   226 |   256 |   350 ||   972
Block: Buckler           |    22 |    43 |   231 |   574 |   553 ||  1423
       Other             |       |       |     1 |       |       ||     1
       Reflection        |       |       |       |    12 |       ||    12

Table legend: (Time is in decaauts)
 A = Elapsed time spent in this place.
 B = Non-inter-level travel time spent in this place.
 C = Inter-level travel time spent in this place.
 D = Time resting spent in this place.
 E = Time spent auto-exploring this place.
 F = Levels seen in this place.
 G = Mean time per level.
                   A        B        C        D        E       F      G
               +--------+--------+--------+--------+--------+-----+--------+
         Total |  23162 |  21777 |   1385 |   5477 |  11070 |  24 |  965.1 |
       Dungeon |  14097 |  13071 |   1026 |   2547 |   7444 |  12 | 1174.8 |
        Temple |    375 |    227 |    148 |      0 |    212 |   1 |  375.0 |
          Lair |   5702 |   5492 |    210 |   1172 |   3177 |   5 | 1140.4 |
  Orcish Mines |     46 |     46 |      0 |     12 |      0 |   1 |   46.0 |
         Abyss |    609 |    609 |      0 |    304 |      0 |   3 |  203.0 |
         Sewer |    226 |    226 |      0 |     81 |     50 |   1 |  226.0 |
      Ice Cave |   2105 |   2105 |      0 |   1361 |    187 |   1 | 2105.0 |
               +--------+--------+--------+--------+--------+-----+--------+

Top non-repeatable levels by time:
   IceCv: 2105 daAuts
  Lair:5: 1788 daAuts
     D:3: 1653 daAuts
     D:2: 1586 daAuts
  Lair:4: 1584 daAuts
     D:7: 1528 daAuts
     D:9: 1396 daAuts
     D:8: 1264 daAuts
     D:4: 1174 daAuts
     D:1: 1063 daAuts
     D:6: 996 daAuts
  Lair:2: 968 daAuts
    D:10: 956 daAuts
    D:11: 920 daAuts
     D:5: 862 daAuts
